Map: Jagannatha LE

Players

Lambo - Winner!

  • Race: Zerg Zerg

KingCobra

  • Race: Protoss Protoss

Event: DreamHack SC2 Masters 2021 Winter

VOD

Have the link to the VOD?

Description

Time

  • Played on: Oct. 10, 2021, 2:40 p.m.
  • Length: 6:34

All games in this series

Show
View Real Time Build Order
Export as new Build Order

Lambo Zerg - Winner!

Build Orders: Pool First 

Get SALT Encoding   

  12  0:00  Drone  
  13  0:12  Overlord  
  13  0:16  Drone  
  14  0:30  Drone x2  
  14  0:34  Drone  
  17  0:43  Spawning Pool  
  16  1:04  Hatchery  
  16  1:08  Drone  
  16  1:11  Drone  
  17  1:15  Extractor  
  17  1:18  Drone  
  17  1:35  Zergling x2  
  17  1:36  Zergling x2  
  17  1:38  Spine Crawler  
  18  1:44  Zergling x2  
  18  1:48  Roach Warren  
  17  1:57  Drone  
  19  2:08  Drone, Hatchery  
  19  2:13  Drone  
  20  2:20  Queen, Extractor  
  21  2:25  Overlord  
  22  2:32  Metabolic Boost  
  22  2:44  Drone  
  23  2:47  Drone  
  23  2:56  Drone  
  23  2:57  Queen  
  26  3:06  Drone  
  27  3:19  Drone  
  28  3:23  Drone  
  28  3:24  Hatchery  
  28  3:27  Drone  
  28  3:28  Drone  
  28  3:29  Drone  
  31  3:35  Overlord  
  31  3:40  Drone x2  
  33  3:47  Drone  
  34  3:53  Queen  
  36  3:55  Drone x2  
  36  4:02  Queen  
  38  4:05  Drone  
  38  4:08  Overlord  
  40  4:11  Drone x2  
  40  4:13  Drone  
  43  4:20  Roach Warren  
  43  4:22  Extractor  
  41  4:24  Drone x2  
  41  4:26  Drone  
  41  4:28  Drone  
  45  4:34  Queen  
  45  4:37  Overlord  
  47  4:42  Queen  
  47  4:44  Drone  
  50  4:47  Drone  
  50  4:48  Drone  
  50  4:49  Drone  
  50  4:51  Drone  
  54  4:53  Drone  
  54  4:57  Overlord  
  55  5:03  Overlord  
  55  5:05  Roach x2  
  59  5:08  Overlord  
  59  5:14  Overlord  
  59  5:17  Roach x3  
  65  5:22  Queen  
  65  5:26  Zergling x6  
  65  5:28  Zergling x2  
  71  5:31  Zergling x4  
  71  5:32  Ravager x2  
  75  5:37  Zergling x6  
  75  5:41  Ravager  
  79  5:43  Zergling x8  
  79  5:46  Queen  
  85  5:51  Queen  
  85  5:53  Overlord  
  87  5:59  Ravager  
  87  6:02  Drone x2  
  89  6:06  Drone  
  89  6:08  Drone  
  89  6:13  Overlord  
  89  6:16  Drone x3  
  92  6:18  Drone x4  
Show
View Real Time Build Order
Export as new Build Order

KingCobra Protoss 

Build Orders:  

Get SALT Encoding   

  12  0:00  Probe  
  13  0:12  Probe  
  14  0:20  Pylon  
  14  0:24  Probe  
  15  0:38  Probe (Chrono Boost)  
  15  0:40  Gateway  
  16  0:49  Probe (Chrono Boost)  
  17  0:54  Probe (Chrono Boost)  
  17  0:56  Forge  
  18  1:12  Pylon  
  18  1:19  Probe  
  19  1:33  Pylon  
  19  1:34  Photon Cannon  
  19  1:35  Pylon  
  19  1:38  Pylon  
  19  1:49  Probe  
  19  1:51  Assimilator  
  19  1:53  Zealot (Chrono Boost)  
  22  1:58  Cybernetics Core  
  22  2:01  Probe  
  22  2:05  Cybernetics Core  
  22  2:06  Photon Cannon  
  23  2:14  Probe  
  24  2:16  Assimilator  
  24  2:26  Probe  
  24  2:27  Pylon  
  25  2:38  Adept (Chrono Boost), Pylon  
  25  2:43  Warp Gate  
  26  3:01  Nexus  
  26  3:06  Probe  
  27  3:17  Adept  
  27  3:19  Probe (Chrono Boost)  
  30  3:30  Probe (Chrono Boost)  
  30  3:33  Stargate  
  31  3:54  Nexus  
  31  4:01  Pylon  
  31  4:13  Probe x2 (Chrono Boost), Sentry  
  35  4:17  Void Ray  
  35  4:23  Probe x2 (Chrono Boost)  
  41  4:27  Probe (Chrono Boost)  
  41  4:28  Probe (Chrono Boost)  
  43  4:39  Probe  
  43  4:41  Probe  
  45  4:49  Pylon  
  45  4:51  Assimilator, Probe  
  46  4:53  Assimilator, Probe  
  47  5:03  Probe  
  47  5:05  Probe  
  52  5:08  Probe  
  52  5:13  Fleet Beacon  
  50  5:15  Probe  
  51  5:22  Probe x2  
  51  5:26  Shield Battery  
  53  5:31  Photon Cannon  
  53  5:34  Stargate  
  53  5:40  Probe  
  53  5:42  Shield Battery  
  59  6:04  Tempest (Chrono Boost)  
  55  6:12  Shield Battery  

Tags
 
Add a new tag
Caveats
  • Supply blocks, unpowered buildings, or Contaminate may cause inaccurate times.
  • Supply counts are checked every 10 seconds.